 Dungeon Crawl Stone Soup version 0.31-a0-222-gefeffbb62a (webtiles) character file.

Game seed: 5729913922835851069

356709 MacCMillion the Portalist (level 21, -1/90 (111) HPs)
             Began as a Spriggan Hunter on July 4, 2023.
             Was the Champion of Jiyva.
             Blown up by a lich (91 damage)
             ... with an orb of destruction
             ... on level 1 of the Depths on July 5, 2023.
             The game lasted 02:56:24 (44816 turns).

MacCMillion the Portalist (Spriggan Hunter)        Turns: 44816, Time: 02:56:25

HP:   -1/90 (111)   AC:  9    Str: 10    XL:     21   Next: 40%
MP:   40/40         EV: 42    Int: 15    God:    Jiyva [******]
Gold: 1136          SH:  4    Dex: 28    Spells: 29/48 levels left

rFire   + + .        i - +5 hand crossbow (chaos)
rCold   + + +        (no shield)
rNeg    . . .        O - +4 steam dragon scales
rPois   .            (helmet restricted)
rElec   +            w - scarf {rC+ rF+}
rCorr   +            (gloves unavailable)
SInv    +            (boots unavailable)
Will    +++..        X - amulet of regeneration
Stlth   ++++++       N - ring "Beh Cedgh" {rF+ rC+}
HPRegen 2.75/turn    (no ring)
MPRegen 0.77/turn

%: no passive effects
@: heavily drained, very quick
A: very small, no large weapons, unfitting armour, see invisible, speed 3, claws
1, hooves 2, large bone plates 1, thin skeletal structure 1, clever 1, cold
resistance 3, electricity resistance, strong 1, tendrils, jelly sensing items,
jelly absorbing missiles, sturdy frame 1
}: 2/15 runes: decaying, serpentine
a: Renounce Religion, Oozemancy, Slimify


You were on level 1 of the Depths.
You worshipped Jiyva.
Jiyva was exalted by your worship.
You visited 8 branches of the dungeon, and saw 37 of its levels.
You also visited: Ossuary and Ice Cave.

You collected 3986 gold pieces.
You spent 2850 gold pieces at shops.

Inventory:

Hand Weapons
 i - a +5 hand crossbow of chaos (weapon)
 U - the +7 shortbow of the Inquisitive Dreams {freeze, Int+2}
   (You acquired it on level 1 of the Lair of Beasts)

   Int:       It affects your intelligence (+2).
Armour
 w - a scarf of resistance (worn)
 A - a +1 buckler of protection
 O - +4 steam dragon scales (worn)
 W - the +2 robe "Pega Yts" {Fly rC+++ Will-}
   (You found it on level 10 of the Dungeon)

   rC:        It renders you almost immune to cold.
   Fly:       It grants you flight.
   Will:      It decreases your willpower.
 Y - the +0 toga "Victory" {*Victory Clar}
   (You found it on level 1 of the Lair of Beasts)

   *Victory:  When the wearer kills a threatening monster, it has a chance to
   gain +1 AC, +1 Slay, and +1 Int, capping at +7.
   When the wearer uses a scroll or a potion with a hostile monster in sight,
   its bonuses reset to +0.
   Unequipping it also resets its bonuses to +0.
   Clar:      It protects you from confusion, rage, mesmerisation and fear.
Jewellery
 m - a +6 ring of intelligence
 p - a ring of flight
 r - a ring of fire
 C - an amulet of faith
 J - a ring of positive energy
 M - a ring of poison resistance
 N - the ring "Beh Cedgh" (left claw) {rF+ rC+}
   (You bought it in a shop on level 1 of the Snake Pit)

   [ring of protection from fire]

   rF:        It protects you from fire.
   rC:        It protects you from cold.
 X - an amulet of regeneration (around neck)
Wands
 y - a wand of polymorph (17)
 E - a wand of roots (16)
 P - a wand of mindburst (16)
 R - a wand of quicksilver (18)
 T - a wand of paralysis (51)
 Z - a wand of digging (6)
Scrolls
 b - a scroll of butterflies
 c - 4 scrolls of teleportation
 g - 4 scrolls of fog
 q - 4 scrolls of poison
 s - 5 scrolls of immolation
 t - 6 scrolls of blinking
 v - 7 scrolls of fear
 G - 5 scrolls of vulnerability
 H - 10 scrolls of noise
 K - 4 scrolls of enchant armour
 L - 2 scrolls of revelation
 Q - 5 scrolls of silence
 S - 2 scrolls of amnesia
 V - a scroll of torment
Potions
 a - 2 potions of resistance
 e - 8 potions of might
 f - 2 potions of berserk rage
 h - 3 potions of magic
 j - 3 potions of mutation
 k - 10 potions of brilliance
 l - 9 potions of cancellation
 n - 3 potions of enlightenment
 o - 21 potions of degeneration
 u - 3 potions of attraction
 x - 6 potions of lignification
 z - 2 potions of ambrosia
 B - 8 potions of curing
 D - 4 potions of haste
 F - a potion of invisibility
 I - 9 potions of heal wounds
Miscellaneous
 d - a phantom mirror


   Skills:
 + Level 12.1 Fighting
 - Level 18.0 Ranged Weapons
 + Level 19.2 Dodging
 - Level 8.0 Stealth
 - Level 9.0 Shields
 - Level 14.0 Spellcasting
 + Level 8.0 Hexes
 - Level 11.0 Summonings
 - Level 21.0 Translocations
 + Level 8.0 Transmutations
 - Level 10.0 Invocations


You had 29 spell levels left.
You knew the following spells:

 Your Spells              Type           Power      Damage    Failure   Level
a - Malign Gateway        Summ/Tloc      27%        N/A       8%          7
b - Wereblood             Tmut           34%        N/A       1%          2
c - Portal Projectile     Hex/Tloc       100%       N/A       1%          3
d - Blink                 Tloc           100%       N/A       0%          2
e - Yara's Violent Unrav  Hex/Tmut       17%        3d8       7%          5

Your spell library contained the following spells:

 Spells                   Type           Power      Damage    Failure   Level
 Lesser Beckoning         Tloc           100%       N/A       0%          2
 Beastly Appendage        Tmut           68%        N/A       1%          1
 Slow                     Hex            100%       N/A       1%          1
 Ensorcelled Hibernation  Hex/Ice        44%        N/A       1%          2
 Momentum Strike          Conj/Tloc      84%        3d10      1%          2
 Passwall                 Tmut/Erth      18%        N/A       1%          2
 Call Canine Familiar     Summ           43%        N/A       1%          3
 Confusing Touch          Hex            34%        N/A       1%          3
 Tukima's Dance           Hex            34%        N/A       1%          3
 Vhi's Electric Charge    Tloc/Air       84%        N/A       1%          3
 Spider Form              Tmut/Pois      22%        N/A       3%          3
 Sandblast                Erth           20%        2d7       6%          1
 Anguish                  Hex/Necr       11%        N/A       12%         4
 Leda's Liquefaction      Hex/Erth       11%        N/A       12%         4
 Stone Arrow              Conj/Erth      20%        3d8       19%         3
 Vampiric Draining        Necr           10%        2d6       19%         3
 Agony                    Necr           10%        N/A       87%         5
 Arcjolt                  Conj/Air       5%         1d15      87%         5
 Summon Horrible Things   Summ           21%        N/A       99%         8
 Maxwell's Capacitive Co  Air            5%         ∞         100%        8


Dungeon Overview and Level Annotations

Branches:
Dungeon (15/15)            Temple (1/1) D:6            Lair (5/5) D:11
  Swamp (4/4) Lair:2        Snake (4/4) Lair:3        Slime (0/5) Lair:4
    Orc (2/2) D:10            Elf (0/3) Orc:2        Vaults (5/5) D:14
  Crypt (0/3) Vaults:3     Depths (1/4) D:15        Ossuary (visited)
  IceCv (visited)

Altars:
Ashenzari
Cheibriados
Dithmenos
Elyvilon
Fedhas
Gozag
Hepliaklqana
Kikubaaqudgha
Makhleb
Nemelex Xobeh
Okawaru
Qazlal
Ru
Sif Muna
Trog
Uskayaw
Vehumet
Wu Jian
Xom
Yredelemnul
Zin
The Shining One
Jiyva

Shops:
D:4 (   D:8 (*[?   Orc:2 ?=![   Snake:1 *=::   Snake:2 *   Snake:3 *[(*[
Vaults:3 (   Vaults:4 [   Depths:1 ?

Portals:
Hell: Depths:1
Pandemonium: Orc:2
Ziggurat: Depths:1

Annotations:
D:3 2 transporters, niknal's ghost, amateur OpTm
Lair:1 2 transporters
Swamp:2 2 transporters
Snake:2 3 runed translucent doors, exclusion: obsidian statue, soonmide's ghost, adept DsGl
Snake:3 3 runed translucent doors, Caage's ghost, journeyman DsNe; Iheguu's ghost, adept DsEE


Innate Abilities, Weirdness & Mutations

You are very small and have problems with some larger weapons.
You are too small for most types of armour.
You have supernaturally acute eyesight. (SInv)
You cover ground extremely quickly. (Speed+++)
You have sharp fingernails.
You have hoof-like feet.
You are partially covered in large bone plates. (SH +4)
You have a somewhat thin skeletal structure. (Dex +2, Stealth+)
Your mind is acute. (Int +4, Str/Dex -1)
Your flesh is almost immune to the effects of cold. (rC+++)
You are resistant to electric shocks. (rElec)
Your muscles are strong. (Str +4, Int/Dex -1)
You are covered in slimy tendrils that may disarm your opponents.
You have a small jelly attached to you that senses nearby items.
You have a small jelly attached to you that may absorb projectiles.
Your movements are slightly less encumbered by armour. (ER -2)


Message History

The golden dragon skeleton resists with some effort.
The golden dragon skeleton is heavily damaged.
You shoot a bolt.
The bolt hits the golden dragon skeleton!
The golden dragon skeleton is severely damaged.
You see here a +0 pair of boots.
You shoot a bolt.
The bolt hits the golden dragon skeleton!!
The golden dragon skeleton convulses!!
You destroy the golden dragon skeleton!
Training target 8.0 for Hexes reached!
Your Hexes skill increases to level 8!
Casting: Malign Gateway (dangerous; 8% risk of failure)
Confirm with . or Enter, or press ? or * to list all spells.
Okay, then.
You see here a +0 pair of boots.
There is an open door here.
Things that are here:
a +1 dagger of venom; a +0 robe You hear a distant slurping noise.
There is an open door here.
There is an open door here.
A lich comes into view.
You shoot a bolt.
The bolt hits the lich but does no damage.
You shoot a bolt. The bolt hits the lich!!
The bolt freezes the lich.
The lich is moderately damaged.
You shoot a bolt. The bolt hits the lich!!
The bolt burns the lich.
The lich is heavily damaged.
The lich touches you!
You shoot a bolt. The bolt hits the lich.
Lightning courses through the lich!
The lich is severely damaged.
The lich conjures a glowing orb.
An orb of destruction comes into view.
You shoot a bolt. The bolt hits the lich.
The lich's magic leaks into the air.
The lich is severely damaged.
The lich gestures at you while chanting.
The bolt of cold misses you. The orb of destruction hits you!!!!
Ouch! That really hurt!
You die...

##.)...# #......####...# #.#
##.###.# #......# ###.# #.# ##.#
#.# ######## #.# #.# ##.# ### #.#
# ##.# #.########## ##.#
#........... ##.####
########.###.
......###############....###.###.
#.#...'.........@○☼☼°L...........
#.#...###.###########.....##..##.
#.##....#.###########....###..##.
...#....#.#........#.....# #.....
#.#########..............# ##.###
...#..........J...J≈≈≈≈~≈≈# #.#
.#.....####.......≈≈≈≈~≈≈≈≈##.###
...#.###.........≈≈≈≈~≈≈≈≈≈≈.....
.∩.### ###.......≈≈≈≈≈~≈≈≈≈≈.####


You could see a lich (magic disrupted).

Vanquished Creatures
  Mara (Swamp:3)
  Boris (Vaults:4)
  Saint Roka (Snake:2)
  A tentacled monstrosity (Swamp:4)
  Jorgrun (Orc:2)
  A lich (D:14)
  A titan (Vaults:4)
  4 sphinxes
  Donald (Orc:2)
  2 tengu reavers (Vaults:4)
  A thorn hunter (Swamp:3)
  A nagaraja (Snake:1)
  3 fenstrider witches (Swamp:4)
  2 fire giants (Depths:1)
  6 vault wardens
  4 spectral caustic shrikes (Depths:1)
  A juggernaut zombie (Depths:1)
  4 war gargoyles
  2 orc warlords (Depths:1)
  18 ironbound preservers
  9 ironbound thunderhulks
  4 stone giants
  2 reapers
  Nessos (D:14)
  Azrael (D:14)
  5 eleionomae
  2 dire elephants
  4 bunyips
  An ettin (Vaults:4)
  A blizzard demon (Swamp:4)
  A crystal guardian (Vaults:2)
  Josephine (D:14)
  A fire dragon (D:15)
  3 entropy weavers
  2 deep elf high priests (Vaults:3)
  8 yaktaur captains
  18 hydras
  4 shambling mangroves
  2 demonspawn (Orc:2)
  5 salamander tyrants
  Harold (D:9)
  4 peacekeepers
  4 vault guards (D:14)
  2 catoblepae
  7 centaur warriors
  A juggernaut simulacrum (Depths:1)
  A spriggan air mage (Swamp:1)
  17 anacondas
  5 ironbound frosthearts
  2 ghost crabs
  3 ogre magi
  An anaconda (shapeshifter) (Vaults:4)
  A two-headed ogre (D:9)
  A tengu warrior (D:13)
  A deep troll shaman (Lair:5)
  16 naga warriors
  7 alligators
  5 death yaks (Lair:5)
  A deep troll earth mage (Depths:1)
  3 boulder beetles (D:14)
  A vampire mage (Vaults:3)
  Urug (Orc:2)
  13 shock serpents
  8 orc high priests
  19 naga sharpshooters
  A titan skeleton (Depths:1)
  4 skysharks
  A soul eater (Swamp:4)
  3 goliath frogs
  Amaemon (Lair:1)
  5 salamander mystics (Snake:4)
  3 sixfirhies (Swamp:4)
  A death drake (Swamp:4)
  2 iron trolls (D:15)
  5 skeletal warriors
  A bog body (Swamp:3)
  4 spriggan druids
  A flayed ghost (Depths:1)
  33 deep trolls
  A phantasmal warrior (Vaults:4)
  10 ironbound convokers
  Pikel (D:7)
  5 swamp dragons
  12 naga ritualists
  8 wizards
  A deep elf zephyrmancer (Swamp:4)
  2 golden dragon skeletons (Depths:1)
  7 necromancers
  9 lindwurms
  6 orc knights
  18 mana vipers
  4 will-o-the-wisps
  10 orc sorcerers
  20 salamanders
  24 ugly things
  6 manticores
  2 stone giant zombies (Depths:1)
  Maurice (D:8)
  7 cyclopes
  30 black mambas
  16 elephants
  12 vault sentinels
  A frost giant skeleton (Vaults:3)
  A rust devil (Orc:2)
  6 guardian serpents
  11 naga magi
  An ice statue (IceCv)
  4 molten gargoyles
  9 cane toads
  A torpor snail (Lair:4)
  3 orange demons
  Joseph (D:8)
  Maggie (D:7)
  3 centaur skeletons (D:15)
  An unseen horror (D:13)
  3 rime drakes
  10 komodo dragons
  2 anaconda simulacra (IceCv)
  21 yaktaurs
  A burning bush (Lair:4)
  3 polar bears
  3 meliai (D:14)
  A hellwing (Swamp:4)
  7 trolls
  A bloated husk (Swamp:4)
  5 tyrant leeches
  11 blink frogs
  A tarantella (D:14)
  10 hornets
  A centaur simulacrum (D:15)
  2 shadows (D:10)
  2 culicivoras (Vaults:1)
  2 ettin skeletons (Depths:1)
  4 wyverns
  A spriggan skeleton (Depths:1)
  A vampire (D:12)
  7 spriggans (Swamp:4)
  4 wraiths
  Grum (D:8)
  3 basilisks
  63 yaks
  A fire elemental (D:14)
  3 redbacks
  4 chaos spawn
  A neqoxec (Orc:2)
  3 steam dragons
  3 vampire mosquitoes (D:11)
  5 death yak simulacra
  10 wargs
  A glowing shapeshifter zombie (Vaults:3)
  26 nagas
  12 swamp worms
  A two-headed ogre zombie (D:10)
  9 water moccasins
  4 hell hounds (D:14)
  Duvessa (D:4)
  3 ice beasts
  38 orc warriors
  2 swamp drakes
  4 sky beasts
  6 boggarts
  5 black bears
  4 ogres
  20 wolves
  A lemure (D:7)
  16 centaurs
  A phantom (D:5)
  An elf zombie (Ossuary)
  2 kobold brigands
  2 gnoll sergeants
  16 bullfrogs
  8 scorpions
  2 cane toad simulacra (IceCv)
  9 two-headed ogre simulacra
  9 wights
  5 elephant simulacra (IceCv)
  Dowan (D:4)
  14 jellies
  2 troll zombies (D:10)
  9 killer bees
  A lava snake (D:9)
  7 centaur zombies (Ossuary)
  6 human zombies
  27 orc priests
  5 hounds
  Crazy Yiuf (D:2)
  A gnoll bouda (D:8)
  A sleepcap (D:6)
  4 iguanas
  24 orc wizards
  2 polar bear simulacra
  10 troll simulacra
  3 spriggan simulacra
  2 wolf simulacra
  A boggart skeleton (D:15)
  5 ogre zombies (D:10)
  3 mummies (Ossuary)
  Robin (D:2)
  5 naga simulacra
  6 adders
  15 gnolls
  5 white imps
  7 ufetubi (IceCv)
  4 dart slugs
  106 orcs
  3 bats
  2 endoplasms
  6 giant cockroaches
  20 goblins
  5 hobgoblins
  A quokka (D:4)
  8 ball pythons
  2 frilled lizards
  4 goblin zombies (D:10)
  A hobgoblin skeleton (D:10)
  3 hobgoblin zombies (D:10)
  16 kobolds
  2 orc skeletons (D:10)
  15 orc zombies (D:10)
  5 rats
  A butterfly (D:6)
1356 creatures vanquished.

Vanquished Creatures (collateral kills)
  Sojobo (Vaults:4)
  A titan (Vaults:2)
  A fenstrider witch (Swamp:4)
  A vault warden (Vaults:1)
  Aizul (Vaults:4)
  A spectral caustic shrike (Depths:1)
  A war gargoyle (Vaults:3)
  2 stone giants (Depths:1)
  2 eleionomae
  A bunyip (Swamp:1)
  6 yaktaur captains
  2 peacekeepers
  A boulder beetle (Vaults:1)
  An ironbound frostheart (Vaults:4)
  An alligator (Swamp:1)
  2 deep troll shamans (Depths:1)
  2 deep troll earth magi (Depths:1)
  2 naga sharpshooters
  A salamander mystic (Snake:3)
  A shock serpent (Snake:4)
  A shadow wraith (Vaults:1)
  11 deep trolls
  A swamp dragon (Swamp:1)
  A spriggan druid (Swamp:4)
  2 ironbound convokers
  An orc knight (Depths:1)
  An ugly thing (Vaults:1)
  4 salamanders
  A black mamba (Snake:4)
  A naga mage (Snake:3)
  3 yaktaurs
  2 tyrant leeches (Swamp:1)
  A swamp worm (Swamp:4)
  2 orcs (Depths:1)
63 creatures vanquished.

Vanquished Creatures (others)
  6 eldritch tentacles
  A vault warden (Vaults:2)
  A formless jellyfish (Vaults:2)
  An ironbound preserver (Vaults:1)
  An ironbound thunderhulk (Vaults:2)
  An eleionoma (Swamp:4)
  2 great orbs of eyes
  2 ironbound frosthearts (Vaults:2)
  A centaur warrior (Vaults:2)
  A boulder beetle (Vaults:1)
  A wizard (Swamp:4)
  A lindwurm (Vaults:1)
  An ironbound convoker (Vaults:1)
  A deep elf zephyrmancer (D:15)
  A will-o-the-wisp (Swamp:1)
  A torpor snail (shapeshifter) (Depths:1)
  4 yaktaurs
  2 tengu conjurers (D:13)
  A tyrant leech (Swamp:2)
  2 bloated husks
  28 slime creatures
  A culicivora (shapeshifter) (Vaults:2)
  2 wraiths (D:14)
  A spriggan (Swamp:4)
  A floating eye (Depths:1)
  A redback (Vaults:1)
  A boggart (Vaults:1)
  91 jellies
  An orc (Snake:2)
  19 foxfires
178 creatures vanquished.

Grand Total: 1597 creatures vanquished

Notes
Turn   | Place    | Note
-------+----------+-------------------------------------------
     0 | D:1      | MacCMillion the Spriggan Hunter began the quest for the
                  | Orb.
     0 | D:1      | Reached XP level 1. HP: 10/10 MP: 2/2
    52 | D:1      | Reached XP level 2. HP: 15/15 MP: 3/3
   798 | D:1      | Reached XP level 3. HP: 18/18 MP: 4/4
   999 | D:2      | Reached XP level 4. HP: 23/23 MP: 5/5
  1037 | D:2      | Reached skill level 5 in Ranged Weapons
  1281 | D:2      | Noticed Robin
  1385 | D:2      | Killed Robin
  1460 | D:2      | Found a runed translucent door.
  1461 | D:2      | Noticed Crazy Yiuf
  1713 | D:2      | Killed Crazy Yiuf
  1714 | D:2      | Reached XP level 5. HP: 26/26 MP: 6/6
  1989 | D:3      | Found a transporter.
  1992 | D:3      | Noticed niknal's ghost (amateur OpTm)
  1993 | D:3      | Found a transporter.
  2571 | D:4      | Noticed Duvessa
  2576 | D:4      | Noticed Dowan
  2585 | D:4      | Killed Duvessa
  2586 | D:4      | Reached XP level 6. HP: 27/30 MP: 7/7
  2592 | D:4      | Killed Dowan
  2620 | D:4      | Found Dyixzeo's Weapon Shoppe.
  2909 | D:4      | Reached XP level 7. HP: 34/34 MP: 8/8
  3192 | D:5      | Entered Level 5 of the Dungeon
  3507 | D:5      | Reached XP level 8. HP: 38/38 MP: 9/9
  3548 | D:5      | Reached skill level 10 in Ranged Weapons
  3752 | D:5      | Identified the +5 flail "Bitsalogiu" {freeze, Str+5 Int-4
                  | SInv}
  4379 | D:6      | Reached skill level 5 in Dodging
  4608 | D:6      | Found a sand-covered staircase.
  4615 | D:6      | Reached XP level 9. HP: 45/45 MP: 10/10
  4621 | Ossuary  | Entered an ossuary
  5255 | D:6      | Found a staircase to the Ecumenical Temple.
  5323 | Temple   | Entered the Ecumenical Temple
  5840 | D:7      | Noticed Maggie
  5881 | D:7      | Killed Maggie
  5882 | D:7      | Reached skill level 5 in Fighting
  6551 | D:7      | Noticed Pikel
  6562 | D:7      | Killed Pikel
  6563 | D:7      | Reached XP level 10. HP: 53/53 MP: 11/11
  6747 | D:8      | Noticed Grum
  6981 | D:8      | Noticed Maurice
  7016 | D:8      | Killed Maurice
  7154 | D:8      | Killed Grum
  7205 | D:8      | Found Giliypif's Antique Weapon Shoppe.
  7267 | D:8      | Reached skill level 10 in Dodging
  7512 | D:8      | Found Mebunom's Magic Scroll Shop.
  7515 | D:8      | Bought a scroll of identify for 22 gold pieces
  7515 | D:8      | Bought a scroll of identify for 22 gold pieces
  7515 | D:8      | Bought a scroll of identify for 22 gold pieces
  7568 | D:8      | Found Feufain's Armour Shop.
  7638 | D:8      | Noticed Joseph
  7644 | D:8      | Killed Joseph
  7791 | D:8      | Found Nuvidoiff's Book Boutique.
  7843 | D:8      | Found Afuiriuch's Assorted Antiques.
  8018 | D:8      | Reached XP level 11. HP: 58/58 MP: 12/12
  8053 | D:8      | Found a blossoming altar of Fedhas.
  8053 | D:8      | Found an iron altar of Okawaru.
  8177 | D:8      | Upgraded the game from 0.31-a0-221-gbddc013574 to
                  | 0.31-a0-222-gefeffbb62a
  8256 | Temple   | Became a worshipper of Elyvilon the Healer
  8428 | D:9      | Noticed a two-headed ogre
  8440 | D:9      | Killed a two-headed ogre
  8441 | D:9      | Reached skill level 1 in Invocations
  8470 | D:9      | Noticed Harold
  8511 | D:9      | Killed Harold
  8622 | D:9      | Found a shadowy altar of Dithmenos.
 10389 | D:10     | Entered Level 10 of the Dungeon
 10559 | D:10     | Reached * piety under Elyvilon
 10648 | D:10     | Found a staircase to the Orcish Mines.
 10760 | D:10     | Reached skill level 5 in Invocations
 10846 | D:10     | Identified the +2 robe "Pega Yts" {Fly rC+++ Will-}
 11059 | D:10     | Found an ancient bone altar of Kikubaaqudgha.
 11066 | D:10     | Found a hide-covered altar of Uskayaw.
 11072 | D:10     | Found a glowing golden altar of the Shining One.
 11079 | D:10     | Found a hazy altar of Hepliaklqana.
 11084 | D:10     | Found an ornate altar of the Wu Jian Council.
 11086 | D:10     | Reached ** piety under Elyvilon
 11091 | D:10     | Found a glowing silver altar of Zin.
 11097 | D:10     | Found a sparkling altar of Nemelex Xobeh.
 11569 | D:11     | Noticed a green ugly thing
 11577 | D:11     | Killed a green ugly thing
 11578 | D:11     | Reached skill level 5 in Stealth
 11710 | D:11     | Found a staircase to the Lair.
 11730 | D:11     | Reached XP level 12. HP: 57/63 MP: 13/17
 11952 | Lair:1   | Entered Level 1 of the Lair of Beasts
 12263 | Lair:1   | Reached *** piety under Elyvilon
 12352 | Lair:1   | Found a transporter.
 12353 | Lair:1   | Found a transporter.
 12462 | Lair:1   | Found the +0 toga "Victory" {*Victory Clar}
 12560 | Lair:1   | Noticed Amaemon
 12727 | Lair:1   | Killed Amaemon
 13049 | Lair:1   | Reached skill level 15 in Ranged Weapons
 13422 | Lair:1   | Identified 2 scrolls of acquirement
 13423 | Lair:1   | Acquired 808 gold pieces
 13425 | Lair:1   | Acquired the +7 shortbow of the Inquisitive Dreams {freeze,
                  | Int+2}
 13460 | Lair:2   | Noticed an eight-headed hydra
 13460 | Lair:2   | Reached **** piety under Elyvilon
 13466 | Lair:2   | Killed an eight-headed hydra
 13982 | Lair:2   | Noticed a four-headed hydra
 14320 | Lair:2   | Noticed a seven-headed hydra
 14325 | Lair:2   | Killed a seven-headed hydra
 14326 | Lair:2   | Reached XP level 13. HP: 70/70 MP: 18/18
 14361 | Lair:2   | Found a staircase to the Swamp.
 14904 | Lair:3   | Reached ***** piety under Elyvilon
 15072 | Lair:3   | Found a staircase to the Snake Pit.
 15369 | Lair:3   | Reached skill level 10 in Fighting
 16267 | Lair:4   | Found a viscous altar of Jiyva.
 16276 | Lair:4   | Found a staircase to the Slime Pits.
 16706 | Lair:5   | Entered Level 5 of the Lair of Beasts
 17167 | Lair:5   | Reached XP level 14. HP: 77/77 MP: 21/21
 17240 | Lair:5   | Reached skill level 15 in Dodging
 17513 | Lair:5   | Reached skill level 10 in Invocations
 18132 | Orc:1    | Entered Level 1 of the Orcish Mines
 18270 | Orc:1    | Reached ****** piety under Elyvilon
 18358 | Orc:2    | Entered Level 2 of the Orcish Mines
 18582 | Orc:2    | Found Tyecw's Distillery.
 18591 | Orc:2    | Found Kufeto's Magic Scroll Shop.
 19304 | Orc:2    | Found a staircase to the Elven Halls.
 19336 | Orc:2    | Noticed Donald
 19906 | Orc:2    | Killed Donald
 19985 | Orc:2    | Noticed Urug
 20015 | Orc:2    | Killed Urug
 20243 | Orc:2    | Noticed Jorgrun
 20462 | Orc:2    | Killed Jorgrun
 20614 | Orc:2    | Found Facho's Jewellery Shoppe.
 20614 | Orc:2    | Found Weas's Antique Armour Emporium.
 20615 | Orc:2    | Found a one-way gate leading to the halls of Pandemonium.
 20641 | Orc:2    | Found Facho's Jewellery Shoppe.
 20641 | Orc:2    | Found Weas's Antique Armour Emporium.
 20642 | Orc:2    | Found a one-way gate leading to the halls of Pandemonium.
 20675 | Orc:2    | Found Tyecw's Distillery.
 20678 | Orc:2    | Found Kufeto's Magic Scroll Shop.
 21335 | Orc:2    | Found a staircase to the Elven Halls.
 22062 | D:12     | Reached XP level 15. HP: 83/83 MP: 23/23
 22209 | Lair:4   | Fell from the grace of Elyvilon
 22209 | Lair:4   | Became a worshipper of Jiyva Jaag the Shapeless
 22304 | Lair:2   | Learned a level 7 spell: Malign Gateway
 22573 | D:12     | Reached skill level 1 in Translocations
 22728 | D:12     | Reached * piety under Jiyva
 22856 | D:12     | Reached skill level 1 in Summonings
 22856 | D:12     | Reached skill level 2 in Translocations
 23163 | D:13     | Reached skill level 3 in Translocations
 23197 | D:13     | Found an iron altar of Okawaru.
 23286 | D:13     | Found a frozen archway.
 23292 | D:13     | Reached ** piety under Jiyva
 23546 | D:13     | Reached skill level 4 in Translocations
 23915 | IceCv    | Entered an ice cave
 24323 | IceCv    | Reached *** piety under Jiyva
 24368 | IceCv    | Reached skill level 5 in Translocations
 24565 | IceCv    | Gained mutation: You are covered in slimy tendrils that may
                  | disarm your opponents. [Jiyva's grace]
 24565 | IceCv    | Gained mutation: You are partially covered in large bone
                  | plates. (SH +4) [Jiyva's grace]
 24565 | IceCv    | Gained mutation: You are mostly covered in large bone
                  | plates. (SH +6) [Jiyva's grace]
 24565 | IceCv    | Gained mutation: You are completely covered in large bone
                  | plates. (SH +8) [Jiyva's grace]
 24850 | D:14     | Reached skill level 6 in Translocations
 24918 | D:14     | Noticed Josephine
 24921 | D:14     | Killed Josephine
 24972 | D:14     | Noticed Azrael
 25014 | D:14     | Killed Azrael
 25084 | D:14     | Reached skill level 7 in Translocations
 25187 | D:14     | Reached skill level 8 in Translocations
 25290 | D:14     | Found a gate to the Vaults.
 25312 | D:14     | Reached skill level 5 in Summonings
 25430 | D:14     | Reached **** piety under Jiyva
 25474 | D:14     | Reached skill level 9 in Translocations
 25665 | D:14     | Found a sparkling altar of Nemelex Xobeh.
 25694 | D:15     | Entered Level 15 of the Dungeon
 26481 | D:15     | Reached skill level 10 in Translocations
 26495 | D:15     | Found a staircase to the Depths.
 26643 | D:14     | Noticed Nessos
 26647 | D:14     | Killed Nessos
 26772 | Snake:1  | Entered Level 1 of the Snake Pit
 26897 | Snake:1  | Reached skill level 11 in Translocations
 26907 | Snake:1  | Learned a level 2 spell: Wereblood
 26927 | Snake:1  | Lost mutation: You are completely covered in large bone
                  | plates. (SH +8) [Jiyva's grace]
 26927 | Snake:1  | Gained mutation: You have hidden genetic potential.
                  | [Jiyva's grace]
 26927 | Snake:1  | Gained mutation: You have great hidden genetic potential.
                  | [Jiyva's grace]
 26927 | Snake:1  | Gained mutation: You are covered in fur. (AC +1) [Jiyva's
                  | grace]
 26927 | Snake:1  | Gained mutation: You are covered in thick fur. (AC +2)
                  | [Jiyva's grace]
 26937 | Snake:1  | Reached skill level 1 in Transmutations
 26986 | Snake:1  | Found Xivvuenis's Overcharged Wands.
 27028 | Snake:1  | Reached ***** piety under Jiyva
 27134 | Snake:1  | Reached XP level 16. HP: 88/88 MP: 24/24
 27291 | Snake:1  | Reached skill level 1 in Spellcasting
 27352 | Snake:1  | Reached skill level 5 in Transmutations
 27609 | Snake:1  | Reached skill level 12 in Translocations
 27780 | Snake:1  | Identified the +6 war axe "Mimuleir" {freeze, +Blink Str+2}
 28044 | Snake:1  | Found Pitzis's Jewellery Shop.
 28045 | Snake:1  | Found Puoloargh's Book Emporium.
 28045 | Snake:1  | Found Olappa's Book Emporium.
 28055 | Snake:1  | Bought a book of the Hunter for 364 gold pieces
 28059 | Snake:1  | Learned a level 3 spell: Portal Projectile
 28390 | Orc:2    | Bought a scroll of identify for 24 gold pieces
 28390 | Orc:2    | Bought a scroll of identify for 24 gold pieces
 28390 | Orc:2    | Bought a scroll of identify for 24 gold pieces
 28390 | Orc:2    | Bought a scroll of identify for 24 gold pieces
 28854 | Snake:2  | Noticed Saint Roka
 28914 | Snake:2  | Reached skill level 5 in Spellcasting
 29034 | Snake:2  | Found a runed translucent gate.
 29034 | Snake:2  | Found a runed translucent gate.
 29034 | Snake:2  | Found a runed translucent gate.
 29034 | Snake:2  | Found an opulent altar of Gozag.
 29035 | Snake:2  | Noticed soonmide's ghost (adept DsGl)
 29036 | Snake:2  | Found Ypriud's Assorted Antiques.
 29099 | Snake:2  | Reached skill level 13 in Translocations
 29132 | Snake:2  | Killed Saint Roka
 29475 | Snake:3  | Found Piqusouth's Armour Emporium.
 29519 | Snake:3  | Found Ugulira's Antique Weapon Boutique.
 29533 | Snake:3  | Bought a pitted sling for 214 gold pieces
 29533 | Snake:3  | Identified the +5 sling of the Glamorous God {heavy, +Blink
                  | rCorr Dex+5} (You bought it in a shop on level 3 of the
                  | Snake Pit)
 29551 | Snake:3  | Gained mutation: Your flesh is heat resistant. (rF+)
                  | [hidden potential]
 29570 | Snake:3  | Found a runed translucent gate.
 29575 | Snake:3  | Found Yshimoix's General Store.
 29592 | Snake:3  | Found a runed translucent gate.
 29592 | Snake:3  | Found a runed translucent gate.
 29596 | Snake:3  | Noticed Caage's ghost (journeyman DsNe)
 29596 | Snake:3  | Noticed Iheguu's ghost (adept DsEE)
 29628 | Snake:3  | Lost mutation: Your flesh is heat resistant. (rF+) [Jiyva's
                  | grace]
 29628 | Snake:3  | Lost mutation: You are covered in thick fur. (AC +2)
                  | [Jiyva's grace]
 29628 | Snake:3  | Lost mutation: You have great hidden genetic potential.
                  | [Jiyva's grace]
 29628 | Snake:3  | Lost mutation: You are covered in slimy tendrils that may
                  | disarm your opponents. [Jiyva's grace]
 29628 | Snake:3  | Gained mutation: You have a small jelly attached to you
                  | that may absorb projectiles. [Jiyva's grace]
 29628 | Snake:3  | Gained mutation: You have sharp toenails. [Jiyva's grace]
 29628 | Snake:3  | Gained mutation: You have razor-sharp toenails. [Jiyva's
                  | grace]
 29628 | Snake:3  | Gained mutation: You have claws for feet. [Jiyva's grace]
 29649 | Snake:3  | Found Xajimum's General Store.
 29657 | Snake:3  | Bought a scroll of acquirement for 832 gold pieces
 29657 | Snake:3  | Acquired the amulet of Iparuecw {RegenMP Fragile Will+
                  | Str-2 Int+5}
 29729 | Snake:3  | Reached skill level 1 in Hexes
 29962 | Snake:3  | Found Kaoggumu's Antique Armour Shop.
 30063 | Snake:3  | Reached ****** piety under Jiyva
 30737 | Snake:4  | Entered Level 4 of the Snake Pit
 30759 | Snake:4  | Reached skill level 14 in Translocations
 30803 | Snake:4  | Reached XP level 17. HP: 92/92 MP: 28/28
 30805 | Snake:4  | Reached XP level 18. HP: 96/96 MP: 28/31
 30895 | Snake:4  | Found a glowing silver altar of Zin.
 31029 | Snake:4  | Reached skill level 15 in Translocations
 31603 | Snake:4  | Reached skill level 10 in Spellcasting
 31603 | Snake:4  | Reached skill level 16 in Translocations
 31857 | Snake:4  | Reached skill level 10 in Summonings
 32175 | Snake:1  | Bought a book of Spatial Translocations for 252 gold pieces
 32178 | Snake:1  | Learned a level 2 spell: Blink
 32359 | Swamp:1  | Entered Level 1 of the Swamp
 32386 | Swamp:1  | Gained mutation: Your movements are slightly less
                  | encumbered by armour. (ER -2) [hidden potential]
 32386 | Swamp:1  | Lost mutation: You have hidden genetic potential. [hidden
                  | potential expressed]
 32469 | Snake:1  | Bought the ring "Beh Cedgh" {rF+ rC+} for 585 gold pieces
 32595 | Swamp:1  | Reached skill level 17 in Translocations
 32677 | Swamp:1  | Found a radiant altar of Vehumet.
 32963 | Swamp:1  | Lost mutation: Your movements are slightly less encumbered
                  | by armour. (ER -2) [Jiyva's grace]
 32963 | Swamp:1  | Lost mutation: You have claws for feet. [Jiyva's grace]
 32963 | Swamp:1  | Lost mutation: You have razor-sharp toenails. [Jiyva's
                  | grace]
 32963 | Swamp:1  | Lost mutation: You have sharp toenails. [Jiyva's grace]
 32963 | Swamp:1  | Gained mutation: You have large cloven feet. [Jiyva's
                  | grace]
 32963 | Swamp:1  | Gained mutation: You have hoof-like feet. [Jiyva's grace]
 32963 | Swamp:1  | Gained mutation: You have hooves in place of feet. [Jiyva's
                  | grace]
 32963 | Swamp:1  | Gained mutation: You have a small jelly attached to you
                  | that senses nearby items. [Jiyva's grace]
 33408 | Swamp:2  | Reached skill level 18 in Translocations
 33454 | Swamp:2  | You fall into a shaft and drop 1 floor!
 33471 | Swamp:3  | Noticed Mara
 34013 | Swamp:2  | Found a transporter.
 34138 | Swamp:2  | Found a transporter.
 34251 | Swamp:3  | Killed Mara
 34569 | Swamp:4  | Entered Level 4 of the Swamp
 34711 | Swamp:4  | Reached XP level 19. HP: 100/100 MP: 36/36
 34865 | Swamp:4  | Reached skill level 19 in Translocations
 34901 | Swamp:4  | Lost mutation: You are covered in fur. (AC +1) [Jiyva's
                  | grace]
 34901 | Swamp:4  | Gained mutation: Your body has grown eyes which may confuse
                  | attackers. (Acc +3) [Jiyva's grace]
 34901 | Swamp:4  | Gained mutation: Your body has grown many eyes which may
                  | confuse attackers. (Acc +5) [Jiyva's grace]
 34901 | Swamp:4  | Gained mutation: Your body is covered in eyes which may
                  | confuse attackers. (Acc +7, SInv) [Jiyva's grace]
 34901 | Swamp:4  | Gained mutation: You have hidden genetic potential.
                  | [Jiyva's grace]
 35529 | Swamp:4  | Reached skill level 20 in Translocations
 36004 | Swamp:4  | Got a decaying rune of Zot
 36554 | Snake:4  | Got a serpentine rune of Zot
 36925 | Vaults:1 | Entered Level 1 of the Vaults
 37060 | Vaults:1 | Identified the +5 rapier of the Shore {heavy, *Slow rElec
                  | rN+}
 37411 | D:14     | Found a sparkling altar of Nemelex Xobeh.
 37517 | D:14     | Found a gate to the Vaults.
 38587 | Vaults:1 | Lost mutation: Your body is covered in eyes which may
                  | confuse attackers. (Acc +7, SInv) [Jiyva's grace]
 38587 | Vaults:1 | Gained mutation: Your muscles are strong. (Str +4, Int/Dex
                  | -1) [Jiyva's grace]
 38587 | Vaults:1 | Gained mutation: Your muscles are very strong. (Str +8,
                  | Int/Dex -2) [Jiyva's grace]
 38587 | Vaults:1 | Gained mutation: You have sharp fingernails. [Jiyva's
                  | grace]
 38587 | Vaults:1 | Gained mutation: You have very sharp fingernails. [Jiyva's
                  | grace]
 39068 | Vaults:2 | Reached skill level 1 in Shields
 39112 | Vaults:2 | Reached XP level 20. HP: 96/105 MP: 34/39
 39201 | Vaults:2 | Gained mutation: You are resistant to electric shocks.
                  | (rElec) [hidden potential]
 39470 | Vaults:2 | Identified the +7 hand axe of Indomitability {flame, rC+++
                  | MP+9 Int-3 Dex-2}
 39634 | Vaults:2 | Reached skill level 5 in Shields
 40336 | D:8      | Bought a shiny buckler for 135 gold pieces
 40812 | Vaults:3 | Lost mutation: You have hooves in place of feet. [Jiyva's
                  | grace]
 40812 | Vaults:3 | Lost mutation: You are mostly covered in large bone plates.
                  | (SH +6) [Jiyva's grace]
 40812 | Vaults:3 | Lost mutation: Your muscles are very strong. (Str +8,
                  | Int/Dex -2) [Jiyva's grace]
 40812 | Vaults:3 | Lost mutation: Your body has grown many eyes which may
                  | confuse attackers. (Acc +5) [Jiyva's grace]
 40812 | Vaults:3 | Gained mutation: You are covered in slimy tendrils that may
                  | disarm your opponents. [Jiyva's grace]
 40812 | Vaults:3 | Gained mutation: Your melee attacks may engulf your foes in
                  | ooze. [Jiyva's grace]
 40812 | Vaults:3 | Gained mutation: Your mind is acute. (Int +4, Str/Dex -1)
                  | [Jiyva's grace]
 40812 | Vaults:3 | Gained mutation: Your mind is very acute. (Int +8, Str/Dex
                  | -2) [Jiyva's grace]
 41092 | Vaults:3 | Got the Anthology of Baleful Evil Liturgies
 41286 | Vaults:3 | Found a staircase to the Crypt.
 41372 | Vaults:3 | Reached skill level 21 in Translocations
 41533 | Vaults:3 | Found Qululole's Weapon Boutique.
 41921 | Vaults:4 | Noticed Boris
 41925 | Vaults:4 | Killed Boris
 42150 | Vaults:4 | Noticed Aizul
 42153 | Vaults:4 | Killed Aizul
 42159 | Vaults:4 | Noticed Sojobo
 42202 | Vaults:4 | Killed Sojobo
 42418 | Vaults:4 | Found Xentig's Armour Emporium.
 42560 | Vaults:4 | Lost mutation: You have very sharp fingernails. [Jiyva's
                  | grace]
 42560 | Vaults:4 | Lost mutation: Your mind is very acute. (Int +8, Str/Dex
                  | -2) [Jiyva's grace]
 42560 | Vaults:4 | Lost mutation: Your body has grown eyes which may confuse
                  | attackers. (Acc +3) [Jiyva's grace]
 42560 | Vaults:4 | Lost mutation: Your melee attacks may engulf your foes in
                  | ooze. [Jiyva's grace]
 42560 | Vaults:4 | Gained mutation: Your flesh is cold resistant. (rC+)
                  | [Jiyva's grace]
 42560 | Vaults:4 | Gained mutation: Your flesh is very cold resistant. (rC++)
                  | [Jiyva's grace]
 42560 | Vaults:4 | Gained mutation: Your flesh is almost immune to the effects
                  | of cold. (rC+++) [Jiyva's grace]
 42560 | Vaults:4 | Gained mutation: Your movements are slightly less
                  | encumbered by armour. (ER -2) [Jiyva's grace]
 43045 | Vaults:4 | Learned a level 5 spell: Yara's Violent Unravelling
 43066 | Vaults:4 | Reached XP level 21. HP: 109/109 MP: 40/40
 43131 | Vaults:4 | Reached skill level 5 in Hexes
 43324 | Vaults:5 | Entered Level 5 of the Vaults
 43552 | Depths:1 | Entered Level 1 of the Depths
 43558 | Depths:1 | Gained mutation: You have a somewhat thin skeletal
                  | structure. (Dex +2, Stealth+) [hidden potential]
 43558 | Depths:1 | Lost mutation: You have hidden genetic potential. [hidden
                  | potential expressed]
 43639 | Depths:1 | Found a snail-covered altar of Cheibriados.
 43651 | Depths:1 | Found a runed translucent door.
 43923 | Depths:1 | Found a one-way gateway to a ziggurat.
 44116 | Depths:1 | Found Agyd's Magic Scroll Emporium.
 44126 | Depths:1 | Bought a scroll of blinking for 135 gold pieces
 44126 | Depths:1 | Bought a scroll of brand weapon for 171 gold pieces
 44314 | Depths:1 | Found a gateway to Hell.
 44816 | Depths:1 | Blown up by a lich

Illustrated notes

Levels and vault maps discovered:
D:1:      matt_arrival_los_fun, layout_basic
D:2:      layout_rooms, shapermc_ecumenical_altar_petra,
          hangedman_decor_slide_cut, minmay_misc_feat_secret_circle, hex_medium,
          uniq_robin, uniq_crazy_yiuf_cottage
D:3:      layout_basic, gammafunk_ghost_mausoleum
D:4:      layout_rooms, serial_shops, nicolae_shop_hallway_stairs, uniq_duvessa
D:5:      layout_loops_ring, st_stairs_3
D:6:      dreamdust_elfheim, layout_gridville, minmay_temple_entry_butterflies,
          enter_ossuary_1
D:7:      nicolae_BIG_FREAKIN_CUBE, layout_loops_cross, uniq_pikel, uniq_maggie
D:8:      layout_loops_ring, nicolae_overflow_two_pavilions, serial_shops,
          shop_statue, shop, nicolae_shop_behind_doors, kennysheep_mini, shop,
          uniq_grum, uniq_joseph, uniq_maurice
D:9:      layout_roguey, nicolae_dithmenos_through_a_glass_darkly, minivault_26,
          roderic_serpentine_path, minivault_8, uniq_harold
D:10:     layout_cave_pools, grunt_temple_overflow_octagram, zombieorc2_lemuel,
          hangedman_abyss_or_decor_lesser_grid
D:11:     layout_basic, erik_lair_orcish_takeover
D:12:     layout_long_grid
D:13:     layout_gridville, portal_ice_cave_entry_ice_simulacra,
          okawaru_metal_pillars_1_2
D:14:     layout_irregular_city, lightli_vaults_fourway_checkpoint,
          nrook_mini_vaults, nemelex_diamond_rough_becter, uniq_josephine,
          uniq_azrael, uniq_nessos
D:15:     grunt_enter_depths_magical_seal, layout_loops_ring,
          serial_bayou_shore_b, minmay_misc_feat_ornament
Temple:   nicolae_temple_no_exploring_needed
Lair:1:   gammafunk_boulding_lane, layout_regular_city, minivault_11,
          grunt_forest_large_clearings, lemuel_fruit_tree, grunt_megastairs_1,
          uniq_amaemon
Lair:2:   layout_layer_cave, palyth_hydra_swamp_entry, lemuel_fruit_fields
Lair:3:   beargit_carnivore_pack, layout_loops_ring, dummy_snake_entry
Lair:4:   layout_misc_corridors, minmay_slime_entry_jelly_boxes, st_stairs_7,
          evilmike_ambush [evilmike_ambush_outer_basic,
          evilmike_ambush_inner_basic]
Lair:5:   grunt_lair_end_beastmaster, layout_regular_city
Swamp:1:  layout_basic_swamp, basic_altar
Swamp:2:  gammafunk_worm_tunnel, layout_falls_marsh, nicolae_swamp_bean_lake
Swamp:3:  layout_basic_swamp, evilmike_swamp_ruin_rubble_2, uniq_mara
Swamp:4:  nzn_swamp_witches_coven, layout_basic_swamp
Snake:1:  kennysheep_snake, layout_onion_interference,
          nicolae_shop_overcharged_wands, minmay_shop_grove
Snake:2:  layout_onion, ebering_ghost_gozag, st_stairs_3,
          nicolae_snake_double_loop, uniq_saint_roka
Snake:3:  layout_chambers, gammafunk_ghost_cemetery, serial_shops,
          nicolae_shop_gibbet_a_chance, shop, shop_fountains, shop_statue, shop,
          grunt_megastairs_2
Snake:4:  snake_pit_salamanders_mu, layout_misc_corridors, basic_altar
Orc:1:    layout_caves, mumra_transporter_accident
Orc:2:    pf_orc_diabolical, layout_diamond_mine, mines2_david, uniq_jorgrun,
          uniq_urug, uniq_donald
Vaults:1: hangedman_vaults_corner, vaults_dpeg_diagonal,
          nicolae_vaults_tangent_ellipses, nicolae_vaults_bisected_exclaves,
          nicolae_vaults_sealed_display, nicolae_vaults_network_barrier,
          nicolae_vaults_wine_cellar, v_misc_16, nicolae_vaults_apartment_1,
          layout_vaults_omnigrid
Vaults:2: v_pattern_3, dpeg_vaults_monster_row, vaults_mumra_hex,
          vaults_room_boxed, nicolae_vaults_tangram_1,
          hangedman_vaults_capsules, vaults_room_hangedman_quadrants,
          nicolae_vaults_six-pack, ontoclasm_vaults_ring_small,
          nicolae_vaults_little_squares_4, nicolae_vaults_tetromino_Z_2,
          vaults_dpeg_doors, v_misc_13, v_misc_15, layout_vaults_maze
Vaults:3: ontoclasm_vaults_ring_large, nicolae_vaults_doubleplus_tesselated,
          nicolae_vaults_trapezoid_1, nicolae_vaults_quadrants,
          nicolae_vaults_offset_grid_hallway_4,
          nicolae_vaults_offset_grid_hallway_3, nicolae_vaults_triangles,
          v_misc_18, layout_vaults_chaotic_city,
          minmay_crypt_entry_simple_statues, serial_shops, shop
Vaults:4: v_pattern_4, vaults_room_glass_cross, nicolae_vaults_trapezoid_4,
          hangedman_vaults_stream, nicolae_vaults_tetromino_Z_2,
          nicolae_vaults_ninety_degrees, hangedman_vaults_stretched_pinwheel,
          nicolae_vaults_network_periphery,
          vaults_standard_mumra_enter_the_diamond,
          nicolae_vaults_yaktaur_gun_rack, nicolae_vaults_house_3,
          nicolae_vaults_tetromino_T_1, ontoclasm_vaults_gateway,
          nicolae_vaults_apartment_1, layout_vaults_ring, serial_shops,
          nicolae_shop_just_a_little_nook, uniq_aizul, uniq_boris, uniq_sojobo
Vaults:5: uniq_mennas
Depths:1: layout_basic, enter_ziggurat_a, pf_hell_entry_tar_river,
          rand_demon_pan_entry_9, cheibriados_altar_1, grunt_ministairs_2,
          minmay_strange_pillars, lightli_church_of_beogh, minmay_shop_star

Skill      XL: |  1  2  3  4  5  6  7  8  9 10 11 12 13 14 15 16 17 18 19 20 21 |
---------------+----------------------------------------------------------------+-----
Stealth        | 2 3 4 5 8 |  8.0
Ranged Weapons | 5 6 8 9 10 11 12 14 15 16 17 18 | 18.0
Fighting       | 3 5 7 9 10 11 12 | 12.1
Dodging        | 5 8 11 12 14 18 19 | 19.2
Invocations    | 6 9 10 | 10.0
Translocations | 11 14 18 20 21 | 21.0
Summonings     | 6 8 10 11 | 11.0
Transmutations | 4 8 |  8.0
Spellcasting   | 7 8 12 14 | 14.0
Hexes          | 2 3 8 |  8.0
Shields        | 2 9 |  9.0

Action                     |  1- 3 |  4- 6 |  7- 9 | 10-12 | 13-15 | 16-18 | 19-21 || total
---------------------------+-------+-------+-------+-------+-------+-------+-------++-------
   Fire: Shortbow          |    27 |       |       |   118 |  1735 |  1315 |   639 ||  3834
         Sling             |    33 |   162 |   401 |   950 |       |    19 |       ||  1565
         Orcbow            |       |       |       |    67 |       |       |       ||    67
         Hand crossbow     |       |       |       |       |       |       |   935 ||   935
   Cast: Wereblood         |       |       |       |       |       |     9 |     5 ||    14
         Portal Projectile |       |       |       |       |       |     5 |    13 ||    18
         Malign Gateway    |       |       |       |       |       |       |     6 ||     6
         Blink             |       |       |       |       |       |       |     1 ||     1
 Invoke: Heal Self         |       |       |       |       |     1 |       |       ||     1
  Evoke: Wand              |       |       |       |       |       |     2 |     2 ||     4
    Use: Scroll            |       |       |     7 |    10 |     7 |    14 |     9 ||    47
         Potion            |       |       |       |       |       |     1 |     1 ||     2
 Armour: Robe              |     1 |     3 |    16 |       |    22 |     8 |       ||    50
         Steam dragon scal |       |       |     3 |    21 |       |    22 |    51 ||    97
  Dodge: Dodged            |     7 |    20 |   112 |   320 |   387 |   519 |   890 ||  2255
  Block: Other             |       |       |       |       |    51 |    98 |   114 ||   263
         Buckler           |       |       |       |       |       |       |   147 ||   147

Table legend: (Time is in decaauts)
 A = Elapsed time spent in this place.
 B = Non-inter-level travel time spent in this place.
 C = Inter-level travel time spent in this place.
 D = Time resting spent in this place.
 E = Time spent auto-exploring this place.
 F = Levels seen in this place.
 G = Mean time per level.
                   A        B        C        D        E       F      G
               +--------+--------+--------+--------+--------+-----+--------+
         Total |  31313 |  28475 |   2838 |   4060 |  12217 |  39 |  802.9 |
       Dungeon |  11257 |  10320 |    937 |   1841 |   5195 |  15 |  750.5 |
        Temple |     12 |      4 |      8 |      0 |      0 |   1 |   12.0 |
          Lair |   4611 |   3891 |    720 |    321 |   2326 |   5 |  922.2 |
         Swamp |   2787 |   2614 |    173 |    386 |    677 |   4 |  696.8 |
     Snake Pit |   3648 |   3196 |    452 |    163 |    873 |   4 |  912.0 |
  Orcish Mines |   2917 |   2737 |    180 |    784 |   1336 |   2 | 1458.5 |
        Vaults |   4111 |   3777 |    334 |     39 |   1440 |   5 |  822.2 |
        Depths |    920 |    889 |     31 |     81 |    194 |   1 |  920.0 |
       Ossuary |    484 |    484 |      0 |    321 |     41 |   1 |  484.0 |
      Ice Cave |    562 |    562 |      0 |    120 |    132 |   1 |  562.0 |
               +--------+--------+--------+--------+--------+-----+--------+

Top non-repeatable levels by time:
   Orc:2: 2426 daAuts
     D:9: 1725 daAuts
  Lair:2: 1226 daAuts
 Swamp:4: 1205 daAuts
 Snake:4: 1165 daAuts
Vaults:1: 1158 daAuts
  Lair:1: 1131 daAuts
 Snake:1: 1077 daAuts
    D:14: 1056 daAuts
Vaults:3: 1041 daAuts
Vaults:4: 1032 daAuts
     D:8: 1010 daAuts
Depths:1: 920 daAuts
     D:7: 912 daAuts
Vaults:2: 876 daAuts
